 Dungeon Crawl Stone Soup version 0.29-a0-886-gfb1a3fa8b1 (webtiles) character file.

Game seed: 16883526669473712881

4935 Malachi the Grappler (level 10, -6/83 HPs)
             Began as a Troll Transmuter on July 21, 2022.
             Was a Believer of Okawaru.
             Mangled by a troll (9 damage)
             ... on level 7 of the Dungeon.
             The game lasted 00:12:39 (7128 turns).

Malachi the Grappler (Troll Transmuter)             Turns: 7128, Time: 00:12:40

Health: -6/83      AC:  7    Str: 20    XL:     10   Next: 27%
Magic:  10/10      EV:  9    Int: 13    God:    Okawaru [**....]
Gold:   1003       SH:  0    Dex: 10    Spells: 3/11 levels left

rFire   . . .      SeeInvis .     - Unarmed
rCold   . . .      Faith    .   (no shield)
rNeg    . . .      Spirit   .   B - +0 steam dragon scales
rPois   .          Reflect  .   (helmet currently unavailable)
rElec   .          Harm     .   (no cloak)
rCorr   .          Rampage  .   (gloves unavailable)
Will    .....                   (boots unavailable)
Stlth   +.........              o - amulet of the acrobat
HPRegen 1.03/turn               p - ring of flight
MPRegen 0.12/turn               (no ring)

@: mighty, appendages (expiring), flying
A: horns 2, talons 2, large, unfitting armour, claws 3, regeneration 1, shaggy
fur 1, tough skin 1
a: End Transformation, Renounce Religion, Heroism


You were on level 7 of the Dungeon.
You worshipped Okawaru.
Okawaru was pleased with you.
You had temporarily grown beastly horns and talons.
You visited 2 branches of the dungeon, and saw 8 of its levels.
You also visited: Ossuary.

You collected 1464 gold pieces.
You spent 461 gold pieces at shops.

Inventory:

Missiles
 A - a throwing net
Armour
 B - +0 steam dragon scales (worn)
Jewellery
 o - an amulet of the acrobat (around neck)
 p - a ring of flight (left claw)
 t - a ring of ice
Wands
 j - a wand of light (3)
 r - a wand of iceblast (10)
 z - a wand of paralysis (7)
Scrolls
 c - 5 scrolls of teleportation
 e - 3 scrolls of blinking
 f - 3 scrolls of poison
 g - 5 scrolls of amnesia
 i - 4 scrolls of enchant weapon
 s - 2 scrolls of enchant armour
 x - 2 scrolls of fear
 y - a scroll of immolation
Potions
 b - a potion of lignification
 d - a potion of attraction
 h - 2 potions of ambrosia
 k - 2 potions of might
 l - a potion of degeneration {unknown}
 m - 3 potions of flight {unknown}
 n - 6 potions of curing {unknown}
 q - 6 potions of heal wounds {unknown}
 u - 2 potions of cancellation {unknown}
 v - a potion of resistance {unknown}
 w - 2 potions of haste {unknown}


   Skills:
 - Level 0.7 Fighting
 - Level 1.5 Dodging
 - Level 8.0 Unarmed Combat
 - Level 1.2 Spellcasting
 - Level 6.1 Transmutations
 * Level 5.7 Ice Magic
 * Level 5.7 Poison Magic


You had 3 spell levels left.
You knew the following spells:

 Your Spells              Type           Power      Damage    Failure   Level
a - Beastly Appendage     Tmut           32%        N/A       2%          1
b - Spider Form           Tmut/Pois      16%        N/A       7%          3
c - Ice Form              Ice/Tmut       16%        N/A       24%         4

Your spell library contained the following spells:

 Spells                   Type           Power      Damage    Failure   Level
 Wereblood                Tmut           16%        N/A       3%          2
 Ozocubu's Armour         Ice            15%        N/A       8%          3
 Petrify                  Tmut/Erth      8%         N/A       61%         4
 Metabolic Englaciation   Hex/Ice        4%         N/A       94%         5
 Statue Form              Tmut/Erth      5%         N/A       100%        6
 Simulacrum               Ice/Necr       Unusable   N/A       N/A         6

Dungeon Overview and Level Annotations

Branches:
Dungeon (7/15)             Temple (1/1) D:6         Ossuary (visited)

Altars:
Ashenzari
Cheibriados
Dithmenos
Elyvilon
Fedhas
Gozag
Hepliaklqana
Kikubaaqudgha
Makhleb
Nemelex Xobeh
Okawaru
Qazlal
Trog
Uskayaw
Vehumet
Wu Jian
Xom
Yredelemnul
Zin
The Shining One


Innate Abilities, Weirdness & Mutations

You have temporarily grown beastly horns and talons.
You are too large for most types of armour.
You have claws for hands.
Your natural rate of healing is unusually fast.
You are covered in fur. (AC +1)
You have tough skin. (AC +1)


Message History

The cyclops completely misses you.
You see here a vampire mosquito corpse.
You completely miss the cyclops. You claw the cyclops.
The cyclops is lightly wounded.
You scratch the cyclops. You claw the cyclops, but do no damage.
You headbutt the cyclops.
The cyclops is lightly wounded.
The cyclops hits you!!
The orc hits you from afar with a +0 trident.
You mangle the cyclops!! You claw the cyclops!
You kill the cyclops!
Okawaru accepts your kill.
Found a book of Air, a whip, 5 stones and a scroll labelled QEM XON ZYUS.
The orc completely misses you.
The orc wizard hits you but does no damage.
The slime creature hits you!
* * * LOW HITPOINT WARNING * * *
You see here 4 large rocks.
You mangle the slime creature!! Your kick misses the slime creature.
The slime creature is heavily wounded.
The orc hits you but does no damage.
The orc wizard hits you but does no damage.
The slime creature hits you.
* * * LOW HITPOINT WARNING * * *
You mangle the slime creature!!
The slime creature is almost dead.
The orc barely misses you.
The orc wizard points at you and mumbles some strange words.
You easily resist.
The slime creature hits you!
* * * LOW HITPOINT WARNING * * *
You claw the slime creature!
You kill the slime creature!
Okawaru accepts your kill. The orc hits you with a +0 trident.
* * * LOW HITPOINT WARNING * * *
The orc wizard hits you but does no damage.
You claw the troll! You headbutt the troll.
The troll is moderately wounded.
The orc zaps a wand.
You struggle to resist.
The troll bites you!
You die...

#..#..#......##.#. ##
.#.#..'.......#.#. #.#
#.#...#......##.#.
#..#.#...#....###..#.
#.#.#...#.####...##.
#.#....#.)†....###.
#'#########'#####. #†#
#.........#. #@#
#.###.###.#.
#?).oTo.:(#.#.#...#.#.
###.....###.#.#.###.#.
#..#..# #.........#.
....... #.###.#.#.#.
.........#.#...#.#.#.
#.#.#.#.#.#.###.###.#.
#.........#.........#.
########'#####.


You could see a troll, an orc wizard and an orc.

Vanquished Creatures
  A cyclops (D:7)
  Maggie (D:7)
  Prince Ribbit (D:7)
  A slime creature (D:7)
  Sigmund (D:2)
  A vampire mosquito (D:7)
  An acid dragon (D:7)
  2 water moccasins (D:7)
  6 ice beasts
  A black bear (D:7)
  3 sky beasts
  3 ogres
  3 phantoms
  A kobold brigand (D:7)
  2 bullfrogs (D:7)
  4 necrophages
  3 scorpions
  A wight (D:6)
  6 water moccasin zombies (Ossuary)
  A killer bee (D:7)
  2 jellies
  2 orc priests
  3 hounds (D:7)
  A gnoll bouda (D:6)
  Crazy Yiuf (D:2)
  Jessica (D:2)
  An iguana (D:5)
  9 orc wizards
  3 mummies
  4 adders
  15 gnolls
  2 shadow imps
  2 white imps
  An ufetubus (D:5)
  7 adder zombies (Ossuary)
  2 worms
  22 orcs
  4 bats
  4 endoplasms
  2 goblins (D:2)
  8 hobgoblins
  2 quokkas
  3 ball pythons
  3 frilled lizards (D:3)
  7 hobgoblin zombies (Ossuary)
  5 kobolds
  3 kobold zombies (Ossuary)
  5 orc zombies (Ossuary)
  4 rats
171 creatures vanquished.

Vanquished Creatures (others)
  A wizard (D:4)
1 creature vanquished.

Grand Total: 172 creatures vanquished

Notes
Turn   | Place    | Note
-------+----------+-------------------------------------------
     0 | D:1      | Malachi the Troll Transmuter began the quest for the Orb.
     0 | D:1      | Reached XP level 1. HP: 18/18 MP: 1/1
   212 | D:1      | Reached XP level 2. HP: 23/26 MP: 2/2
   822 | D:2      | Reached skill level 4 in Unarmed Combat
   896 | D:2      | Noticed Sigmund
   915 | D:3      | Reached XP level 3. HP: 22/32 MP: 3/3
  1023 | D:3      | Found a sparkling altar of Nemelex Xobeh.
  1112 | D:2      | Killed Sigmund
  1113 | D:2      | Reached skill level 6 in Unarmed Combat
  1113 | D:2      | Reached XP level 4. HP: 17/40 MP: 4/4
  1113 | D:2      | Reached XP level 5. HP: 20/46 MP: 5/5
  1172 | D:2      | Noticed Jessica
  1179 | D:2      | Killed Jessica
  1363 | D:2      | Reached XP level 6. HP: 16/54 MP: 6/6
  1666 | D:2      | Found a runed translucent door.
  1667 | D:2      | Noticed Crazy Yiuf
  1680 | D:2      | Killed Crazy Yiuf
  1681 | D:2      | Reached skill level 7 in Unarmed Combat
  1944 | D:3      | Found a hide-covered altar of Uskayaw.
  1982 | D:3      | Learned a level 3 spell: Spider Form
  2032 | D:3      | Found a burning altar of Makhleb.
  2546 | D:3      | Noticed an Executioner
  2549 | D:3      | Noticed a hellwing
  2549 | D:3      | Noticed a ynoxinul
  2597 | D:4      | Found Busuv's Magic Scroll Shop.
  2602 | D:4      | Bought a scroll of identify for 26 gold pieces
  2844 | D:4      | Reached skill level 8 in Unarmed Combat
  2877 | D:4      | Found a sand-covered staircase.
  2882 | D:4      | Reached XP level 7. HP: 44/61 MP: 7/7
  2887 | Ossuary  | Entered an ossuary
  3665 | D:4      | Found a bloodstained altar of Trog.
  3668 | D:4      | Noticed a wizard
  3674 | D:4      | Killed a wizard
  3768 | D:4      | Bought a scroll of fear for 52 gold pieces
  3771 | D:5      | Entered Level 5 of the Dungeon
  3779 | D:5      | Reached XP level 8. HP: 40/68 MP: 6/8
  3964 | D:5      | Reached skill level 5 in Transmutations
  4191 | D:5      | Found a snail-covered altar of Cheibriados.
  4866 | D:5      | Identified a scroll of acquirement
  4866 | D:5      | Acquired 1042 gold pieces
  4896 | D:4      | Bought a scroll of teleportation for 39 gold pieces
  4896 | D:4      | Bought a scroll of teleportation for 39 gold pieces
  4896 | D:4      | Bought a scroll of fear for 52 gold pieces
  4896 | D:4      | Bought a scroll of vulnerability for 52 gold pieces
  4896 | D:4      | Bought a scroll of immolation for 52 gold pieces
  4896 | D:4      | Bought a scroll of amnesia for 52 gold pieces
  4897 | D:4      | Bought a scroll of enchant armour for 97 gold pieces
  4944 | D:6      | Learned a level 4 spell: Ice Form
  5025 | D:6      | Reached skill level 1 in Ice Magic
  5025 | D:6      | Reached skill level 1 in Poison Magic
  5120 | D:6      | Found a blossoming altar of Fedhas.
  5566 | D:6      | Found a staircase to the Ecumenical Temple.
  5576 | D:6      | Reached XP level 9. HP: 62/75 MP: 7/9
  5607 | Temple   | Entered the Ecumenical Temple
  5686 | Temple   | Became a worshipper of Warmaster Okawaru
  5724 | D:6      | Found a shimmering altar of Xom.
  5844 | D:6      | Found a stormy altar of Qazlal.
  6351 | D:7      | Noticed Maggie
  6365 | D:7      | Killed Maggie
  6702 | D:7      | Noticed Prince Ribbit
  6715 | D:7      | Killed Prince Ribbit
  6715 | D:7      | Reached * piety under Okawaru
  6984 | D:7      | Reached ** piety under Okawaru
  7001 | D:7      | Reached skill level 5 in Ice Magic
  7001 | D:7      | Reached skill level 5 in Poison Magic
  7001 | D:7      | Reached XP level 10. HP: 72/83 MP: 8/10
  7111 | D:7      | Noticed a cyclops
  7123 | D:7      | Killed a cyclops
  7127 | D:7      | HP: 3/83 [orc/+0 trident (4)]
  7128 | D:7      | Mangled by a troll

Illustrated notes

Levels and vault maps discovered:
D:1:      sevenhm_arrival_forest_fort_small_6, layout_basic
D:2:      layout_rooms, uniq_sigmund, uniq_crazy_yiuf_cottage, uniq_jessica
D:3:      layout_loops_cross, eat_drink_and_be_merry_uskayaw,
          makhleb_altar_promises_db, mainiacjoe_overflow_small_starburst,
          hangedman_decor_clover_reticule
D:4:      layout_cave_pods, trog_wizard, serial_column_ruins,
          column_ruins_corridor_corner, column_ruins_open_medium,
          column_ruins_grid_3, column_ruins_open_medium, column_ruins_open_tiny,
          gup_ossuary_entry_pyramid, serial_shops, nicolae_stop_n_shop_1,
          chequers_avenue
D:5:      layout_basic, marbit_many_paths
D:6:      layout_basic, xom_confusion_cloud, nicolae_qazlal_general_emergency,
          kennysheep_mini, temple_green
D:7:      layout_gridville, minmay_misc_feat_plants, minmay_the_grid_2x2
          [minmay_the_grid_medium_cups, minmay_the_grid_large_cup,
          minmay_the_grid_expand, minmay_the_grid_prize_big_room],
          uniq_prince_ribbit1, uniq_maggie
Temple:   nicolae_temple_x_marks_the_god

Skill      XL: |  1  2  3  4  5  6  7  8  9 |
---------------+----------------------------+-----
Unarmed Combat | 4 6 8 |  8.0
Transmutations | 4 6 |  6.1
Ice Magic      | 2 5 |  5.7
Poison Magic   | 2 5 |  5.7
Fighting       | |  0.7
Dodging        | |  1.5
Spellcasting   | |  1.2

Action                   |  1- 3 |  4- 6 |  7- 9 | 10-12 || total
-------------------------+-------+-------+-------+-------++-------
Melee: Unarmed           |    75 |    75 |   345 |    37 ||   532
       Punch             |       |     4 |    13 |     2 ||    19
       Kick              |       |       |    41 |     4 ||    45
       Headbutt          |       |       |    30 |     3 ||    33
 Cast: Beastly Appendage |       |       |    27 |     2 ||    29
Evoke: Wand              |       |       |     4 |       ||     4
  Use: Scroll            |       |     3 |     6 |     2 ||    11
       Potion            |       |       |     1 |     1 ||     2
 Stab: Sleeping          |       |     1 |       |       ||     1
       Invisible         |       |       |     1 |       ||     1
Armor: Robe              |    19 |    17 |    53 |       ||    89
       Steam dragon scal |       |       |    20 |    16 ||    36
Dodge: Dodged            |    30 |    37 |   143 |    18 ||   228

Table legend: (Time is in decaauts)
 A = Elapsed time spent in this place.
 B = Non-inter-level travel time spent in this place.
 C = Inter-level travel time spent in this place.
 D = Time resting spent in this place.
 E = Time spent auto-exploring this place.
 F = Levels seen in this place.
 G = Mean time per level.
                   A        B        C        D        E       F      G
               +--------+--------+--------+--------+--------+-----+--------+
         Total |   7058 |   6637 |    421 |   1152 |   4161 |   9 |  784.2 |
       Dungeon |   6731 |   6316 |    415 |   1152 |   4008 |   7 |  961.6 |
        Temple |     86 |     80 |      6 |      0 |     50 |   1 |   86.0 |
       Ossuary |    239 |    239 |      0 |      0 |    103 |   1 |  239.0 |
               +--------+--------+--------+--------+--------+-----+--------+

Top non-repeatable levels by time:
     D:5: 1135 daAuts
     D:6: 1048 daAuts
     D:7: 1040 daAuts
     D:3: 1011 daAuts
     D:4: 922 daAuts
     D:1: 878 daAuts
     D:2: 695 daAuts
 Ossuary: 239 daAuts
  Temple: 86 daAuts
